 Dungeon Crawl Stone Soup version 0.21.1-1-g345015f (webtiles) character file.

86 tidbits the Charmwright (level 4, -7/38 HPs)
             Began as a Gnoll Skald on June 20, 2018.
             Killed by divine providence
             ... invoked by an orc priest
              (15 damage)
             ... on level 4 of the Dungeon.
             The game lasted 00:02:45 (335 turns).

tidbits the Charmwright (Gnoll Skald)                Turns: 335, Time: 00:02:46

Health: -7/38      AC:  3    Str: 14    XL:     4   Next: 50%
Magic:  9/11       EV: 14    Int: 16    God:
Gold:   82         SH:  0    Dex: 14    Spells: 2/13 levels left

rFire    . . .     SeeInvis .   a - +0 hand axe
rCold    . . .     Gourm    .   (no shield)
rNeg     . . .     Faith    .   b - +0 leather armour
rPois    .         Spirit   .   (no helmet)
rElec    .         Reflect  .   (no cloak)
rCorr    .         Harm     .   (no gloves)
MR       .....                  (no boots)
Stlth    +.........             (no amulet)
HPRegen  1.12/turn              (no ring)
MPRegen  0.12/turn              (no ring)

@: shrouded, regenerating (expiring)
A: distributed training, fangs 1, strong nose
a: no special abilities


You were on level 4 of the Dungeon.
You were not hungry.

You visited 1 branch of the dungeon, and saw 4 of its levels.

You collected 82 gold pieces.

Inventory:

Hand Weapons
 a - a +0 hand axe (weapon)
 f - a +0 dagger
Armour
 b - a +0 leather armour (worn)
Scrolls
 g - a scroll of noise {unknown}
 h - a scroll of amnesia {unknown}
 j - a scroll of teleportation {unknown}
Potions
 i - a potion of mutation {unknown}
Books
 c - a book of Battle

   Spells                             Type                      Level
   a - Infusion                       Charms                       1
   b - Shroud of Golubria             Charms/Translocation         2
   c - Song of Slaying                Charms                       2
   d - Spectral Weapon                Hexes/Charms                 3
   e - Regeneration                   Charms/Necromancy            3
Comestibles
 d - a ration


   Skills:
 + Level 4.6 Fighting
 + Level 1.1 Short Blades
 + Level 1.1 Long Blades
 + Level 4.6 Axes
 + Level 1.1 Maces & Flails
 + Level 1.1 Polearms
 + Level 1.1 Staves
 + Level 1.1 Slings
 + Level 1.1 Bows
 + Level 1.1 Crossbows
 + Level 1.1 Throwing
 + Level 2.7 Armour
 + Level 4.6 Dodging
 + Level 1.1 Stealth
 + Level 1.1 Shields
 + Level 1.1 Unarmed Combat
 + Level 5.1 Spellcasting
 + Level 0.9 Conjurations
 + Level 0.9 Hexes
 + Level 5.4 Charms
 + Level 0.9 Summonings
 + Level 0.9 Necromancy
 + Level 0.9 Translocations
 + Level 0.9 Transmutations
 + Level 0.9 Fire Magic
 + Level 0.9 Ice Magic
 + Level 0.9 Air Magic
 + Level 0.9 Earth Magic
 + Level 0.9 Poison Magic
 + Level 1.2 Invocations
 + Level 1.1 Evocations


You had 2 spell levels left.
You knew the following spells:

 Your Spells              Type           Power        Failure   Level  Hunger
g - Shroud of Golubria    Chrm/Tloc      ##........   8%          2    #......
i - Infusion              Chrm           ###.         1%          1    None
r - Regeneration          Chrm/Necr      ##........   14%         3    ###....
w - Spectral Weapon       Hex/Chrm       ##......     14%         3    ###....
y - Song of Slaying       Chrm           ###.....     3%          2    #......


Dungeon Overview and Level Annotations

Branches:
Dungeon (4/15)
 Temple: D:4-7

Altars:

Annotations:
D:3 Ijyb


Innate Abilities, Weirdness & Mutations

Your experience applies equally to all skills.
You have very sharp teeth.
Your uncanny sense of smell can sniff out nearby items.


Message History

The orc hits you.
The leopard gecko skeleton barely misses you.
You hit the leopard gecko skeleton but do no damage.
You closely miss the orc. x2
Your spectral weapon hits the leopard gecko skeleton!
You destroy the leopard gecko skeleton!
The orc hits you.
You barely miss the orc. You hit the orc.
Your spectral weapon hits the orc.
The orc misses you. The orc hits you with a short sword.
You hit the orc.
You kill the orc!
You hit the orc. You barely miss the orc. The orc misses you.
You closely miss the orc. You hit the orc. You barely miss the orc.
Your spectral weapon completely misses the orc.
The orc hits you with a dagger. The orc hits you but does no damage.
The orc closely misses you.
You hit the orc.
You kill the orc!
You hit the orc.
You kill the orc!
You hit the orc.
You kill the orc!
Your Short Blades skill increases to level 1!
Your Long Blades skill increases to level 1!
Your Maces & Flails skill increases to level 1!
Your Polearms skill increases to level 1!
Your Staves skill increases to level 1!
Your Slings skill increases to level 1!
Your Bows skill increases to level 1!
Your Crossbows skill increases to level 1!
Your Throwing skill increases to level 1!
Your Stealth skill increases to level 1!
Your Shields skill increases to level 1!
Your Unarmed Combat skill increases to level 1!
Your Evocations skill increases to level 1!
Things that are here:
a dagger; a short sword You see here a falchion.
An orc wizard comes into view. It is wielding an enchanted dagger.
The orc wizard mumbles some strange words.
The orc wizard seems to speed up.
Casting: Song of Slaying
Confirm with . or Enter, or press ? or * to list all spells.
Space distorts slightly along a thin shroud covering your body.
The orc wizard looks encouraged for a moment.
An orc comes into view.
The orc shouts!
The orc wizard gestures at you while chanting.
The puff of frost hits you!
Your shroud bends the orc wizard's attack away.
You completely miss the orc wizard. The orc wizard misses you.
An orc comes into view. It is wielding a dagger.
You hit the orc wizard.
The orc wizard is lightly wounded.
You hear a shout!
Your spectral weapon barely misses the orc wizard.
The orc wizard hits you with an enchanted dagger.
The orc wizard misses you.
You hit the orc wizard. You bite the orc wizard.
The orc wizard is heavily wounded.
Your song is almost over.
Your spectral weapon hits the orc wizard!
The orc wizard points at you and mumbles some strange words.
The puff of frost hits you!
* * * LOW HITPOINT WARNING * * *
The orc wizard closely misses you.
An orc priest and a skeleton come into view.
You hit the orc wizard.
You kill the orc wizard!
You have reached level 4!
You feel stronger.
The centaur skeleton moves out of view.
The orc priest looks encouraged for a moment.
The orc hits your spectral weapon.
Casting: Shroud of Golubria
Confirm with . or Enter, or press ? or * to list all spells.
Your skin crawls.
The orc closely misses your spectral weapon.
Your spectral weapon fades away.
It was a potion of magic.
Magic courses through your body.
Casting: Regeneration
Confirm with . or Enter, or press ? or * to list all spells.
You draw out your weapon's spirit!
Your song has ended.
The orc hits you.
* * * LOW HITPOINT WARNING * * *
Unknown command.
You barely miss the orc.
Your spectral weapon barely misses the orc.
Your spectral weapon closely misses the orc.
The orc completely misses your spectral weapon.
The orc misses you.
The orc priest miscasts a cantrip.
You hit the orc but do no damage. You bite the orc, but do no damage.
Your skin is crawling a little less now.
Your spectral weapon hits the orc!
You kill the orc!
Your spectral weapon completely misses the orc.
The orc priest mumbles some strange prayers to Beogh against you.
Beogh smites you!
You die...

### #### #.# ...
....#######.# ..##.#
#.#.......# # ..<..#
#.#.......#.#
..######.#.......#.###..
.................o.o..o.
#........#.......#
#.##.##..#...))(o#
.....##..#......@#
#.#####..##.#.#### ...
...##.#.# #.. ...###.#.#
## #### #.... ....#
#####


You could see an orc priest, an orc and a friendly spectral hand axe.

Vanquished Creatures
  An orc wizard (D:4)
  A hound (D:2)
  2 dart slugs
  A leopard gecko (D:1)
  5 orcs (D:4)
  A goblin (D:1)
  2 hobgoblins (D:1)
  A bat (D:2)
  3 kobolds (D:1)
  A leopard gecko skeleton (D:4)
  A rat (D:1)
19 creatures vanquished.

Notes
Turn   | Place    | Note
-------+----------+-------------------------------------------
     0 | D:1      | tidbits the Gnoll Skald began the quest for the Orb.
     0 | D:1      | Reached XP level 1. HP: 20/20 MP: 6/6
    85 | D:1      | Reached XP level 2. HP: 24/26 MP: 3/7
   163 | D:2      | Reached skill level 5 in Spellcasting
   163 | D:2      | Reached skill level 1 in Invocations
   163 | D:2      | Reached XP level 3. HP: 20/31 MP: 1/9
   167 | D:2      | Learned a level 2 spell: Song of Slaying
   170 | D:2      | Learned a level 2 spell: Shroud of Golubria
   174 | D:2      | Learned a level 3 spell: Regeneration
   178 | D:2      | Learned a level 3 spell: Spectral Weapon
   259 | D:3      | Noticed Ijyb
   317 | D:4      | Reached skill level 1 in Short Blades
   317 | D:4      | Reached skill level 1 in Long Blades
   317 | D:4      | Reached skill level 1 in Maces & Flails
   317 | D:4      | Reached skill level 1 in Polearms
   317 | D:4      | Reached skill level 1 in Staves
   317 | D:4      | Reached skill level 1 in Slings
   317 | D:4      | Reached skill level 1 in Bows
   317 | D:4      | Reached skill level 1 in Crossbows
   317 | D:4      | Reached skill level 1 in Throwing
   317 | D:4      | Reached skill level 1 in Stealth
   317 | D:4      | Reached skill level 1 in Shields
   317 | D:4      | Reached skill level 1 in Unarmed Combat
   317 | D:4      | Reached skill level 1 in Evocations
   327 | D:4      | HP: 2/31 [orc wizard/puff of frost (14)]
   328 | D:4      | Reached XP level 4. HP: 3/38 MP: 4/11
   335 | D:4      | Killed from afar by an orc priest

Skill      XL: |  1  2  3 |
---------------+----------+-----
Spellcasting   | 5 |  5.1
Invocations    | 1 |  1.2
Short Blades   | 1 |  1.1
Long Blades    | 1 |  1.1
Maces & Flails | 1 |  1.1
Polearms       | 1 |  1.1
Staves         | 1 |  1.1
Slings         | 1 |  1.1
Bows           | 1 |  1.1
Crossbows      | 1 |  1.1
Throwing       | 1 |  1.1
Stealth        | 1 |  1.1
Shields        | 1 |  1.1
Unarmed Combat | 1 |  1.1
Evocations     | 1 |  1.1
Fighting       | |  4.6
Axes           | |  4.6
Armour         | |  2.7
Dodging        | |  4.6
Conjurations   | |  0.9
Hexes          | |  0.9
Charms         | |  5.4
Summonings     | |  0.9
Necromancy     | |  0.9
Translocations | |  0.9
Transmutations | |  0.9
Fire Magic     | |  0.9
Ice Magic      | |  0.9
Air Magic      | |  0.9
Earth Magic    | |  0.9
Poison Magic   | |  0.9

Action                   |  1- 3 |  4- 6 || total
-------------------------+-------+-------++-------
Melee: Hand axe          |    32 |     2 ||    34
       Bite              |     2 |     1 ||     3
 Cast: Infusion          |     3 |       ||     3
       Regeneration      |     1 |     1 ||     2
       Spectral Weapon   |     1 |     1 ||     2
       Shroud of Golubri |     1 |       ||     1
       Song of Slaying   |     1 |       ||     1
  Use: Potion            |       |     1 ||     1
Armor: Leather armour    |     7 |       ||     7
Dodge: Dodged            |    20 |     1 ||    21

Table legend:
 A = Turns spent in this place as a percentage of turns spent in the entire game.
 B = Non-inter-level travel turns spent in this place as a percentage of non-inter-level travel turns spent in the entire game.
 C = Inter-level travel turns spent in this place as a percentage of turns spent in this place.
 D = Turns resting spent in this place as a percentage of non-inter-level travel turns spent in this place.
 E = Turns spent auto-exploring this place as a percentage of non-inter-level travel turns spent in this place.
 F = Non-inter-level travel turns spent in this place divided by the number of levels of this place that you've seen.
                   A       B       C       D       E      F
               +-------+-------+-------+-------+-------+----------------------
         Total | 100.0 | 100.0 |   0.0 |   0.0 |   0.0 |  83.8
       Dungeon | 100.0 | 100.0 |   0.0 |   0.0 |   0.0 |  83.8
               +-------+-------+-------+-------+-------+----------------------

Table legend:
 A = Kills in this place as a percentage of kills in entire the game.
 B = Kills by you in this place as a percentage of kills by you in the entire game.
 C = Kills by friends in this place as a percentage of kills by friends in the entire game.
 D = Other kills in this place as a percentage of other kills in the entire game.
 E = Experience gained in this place as a percentage of experience gained in the entire game.
 F = Experience gained in this place divided by the number of levels of this place that you have seen.
                   A       B       C       D       E      F
               +-------+-------+-------+-------+-------+----------------------
         Total | 100.0 | 100.0 |   N/A |   N/A | 100.0 |  31.0
       Dungeon | 100.0 | 100.0 |   N/A |   N/A | 100.0 |  31.0
               +-------+-------+-------+-------+-------+----------------------

Vault maps used:
D:1:      dpeg_arrival_windows_large_door, minmay_heptomino_w4
D:2:      chequers_ecumenical_altar_island
D:3:      serial_co_window_serial, co_window_of_opportunity_a,
          co_window_paths_b, co_window_of_opportunity_a,
          co_window_of_opportunity_a, co_window_of_opportunity_a,
          co_window_2corner, co_window_corner_b, co_window_unsneaky_path_b,
          co_window_of_opportunity_b, co_window_4corner_b, co_window_4corner_a,
          glass_columns_a, glass_columns_a, glass_columns_b, glass_columns_a,
          glass_columns_c, uniq_ijyb
D:4:      nicolae_tso_swordbearing_angel, first_ration, minivault_24,
          st_stairs_10, item_on_display_a, uniq_eustachio
